 Dungeon Crawl Stone Soup version 0.29-a0-284-gf9362112df (webtiles) character file.

Game seed: 17268165184045544899

42739 spaghetti the Carver (level 13, -3/104 HPs)
             Began as a Demonspawn Berserker on Mar 20, 2022.
             Was a Priest of Trog.
             Slain by an eight-headed hydra (12 damage)
             ... on level 14 of the Dungeon.
             The game lasted 00:31:07 (16611 turns).

spaghetti the Carver (Demonspawn Berserker)        Turns: 16611, Time: 00:31:08

Health: -3/104     AC: 19    Str: 25    XL:     13   Next: 87%
Magic:  13/13      EV: 17    Int: 11    God:    Trog [***...]
Gold:   202        SH:  5    Dex: 18    Spells: 12/12 levels left

rFire   . . .      SeeInvis .   C - +1 dagger (elec) {short}
rCold   . . .      Faith    .   (no shield)
rNeg    . . .      Spirit   .   S - +1 ring mail of Tartarus {rCorr Str+8 Stlth-}
rPois   +          Reflect  +   T - +1 helmet
rElec   .          Harm     .   n - +1 cloak {rPois}
rCorr   +          Rampage  .   W - +0 pair of gloves
Will    ++...                   (no boots)
Stlth   +.........              u - amulet of reflection
HPRegen 1.27/turn               w - +4 ring of protection
MPRegen 0.13/turn               (no ring)

@: strong-willed, regenerating
A: thin skeletal structure 1, spiny 1, demonic magic 2, weakness stinger 1, no
potion heal 1
a: Renounce Religion, Berserk, Trog's Hand


You were on level 14 of the Dungeon.
You worshipped Trog.
Trog was most pleased with you.
You visited 1 branch of the dungeon, and saw 14 of its levels.
You also visited: Sewer and Bailey.

You collected 1114 gold pieces.
You spent 912 gold pieces at shops.


Innate Abilities, Weirdness & Mutations

You have a somewhat thin skeletal structure. (Dex +2, Stealth+)
You are partially covered in sharp spines.
Spells you cast may paralyse nearby enemies.
You have a small tail.
Potions are less effective at restoring your health.


   Skills:
 - Level 10.3 Fighting
 - Level 14.0 Long Blades
 - Level 5.0 Throwing
 + Level 12.3 Armour
 - Level 9.3 Dodging


You had 12 spell levels left.
You didn't know any spells.
Your spell library contained the following spells:

 Spells                   Type           Power      Damage    Failure   Level
 Beastly Appendage        Tmut           0%         N/A       43%         1
 Shock                    Conj/Air       0%         1d3       43%         1
 Slow                     Hex            0%         N/A       43%         1
 Wereblood                Tmut           0%         N/A       58%         2
 Confusing Touch          Hex            0%         N/A       82%         3
 Mephitic Cloud           Conj/Pois/Air  0%         N/A       82%         3
 Spider Form              Tmut/Pois      0%         N/A       82%         3
 Stone Arrow              Conj/Erth      0%         3d7       82%         3
 Vampiric Draining        Necr           0%         2d6       82%         3
 Animate Armour           Summ/Erth      0%         N/A       99%         4
 Summon Lightning Spire   Summ/Air       0%         N/A       99%         4
 Irradiate                Conj/Tmut      0%         3d14      100%        5
 Storm Form               Tmut/Air       0%         N/A       100%        7
 Lehudib's Crystal Spear  Conj/Erth      0%         10d2      100%        8
 Maxwell's Capacitive Co  Air            0%         ∞         100%        8

Inventory:

Hand Weapons
 A - a +1 demon trident of freezing {polearm}
   (You took it off a merfolk impaler on level 14 of the Dungeon)
 B - a +2 dagger of venom {short}
   (You took it off an orc wizard on level 6 of the Dungeon)
 C - a +1 dagger of electrocution (weapon) {short}
   (You took it off an orc wizard on level 6 of the Dungeon)
 L - a +4 dagger of speed {short}
   (You took it off an orc on level 8 of the Dungeon)
Missiles
 c - 487 stones {throwing}
 e - 37 poisoned darts {throwing}
 f - 20 boomerangs (quivered) {throwing}
 g - 5 atropa-tipped darts {throwing}
 i - 4 javelins {throwing}
 D - a throwing net {=f!fthrowing}
 Q - 2 silver boomerangs {throwing}
Armour
 n - a +1 cloak of poison resistance (worn)
   (You took it off Crazy Yiuf on level 3 of the Dungeon)
 P - the +0 plate armour of the Dungeon {Dex+2}
   (You bought it in a shop on level 8 of the Dungeon)

   Dex:       It affects your dexterity (+2).
 S - the +1 ring mail of Tartarus (worn) {rCorr Str+8 Stlth-}
   (You found it on level 11 of the Dungeon)

   Str:       It affects your strength (+8).
   rCorr:     It protects you from acid and corrosion.
   Stlth:     It makes you less stealthy.
 T - a +1 helmet (worn)
   (You found it on level 9 of the Dungeon)
 W - a +0 pair of gloves (worn)
   (You found it on level 10 of the Dungeon)
Magical Staves
 d - a staff of cold {forbidden!astaff}
   (You found it on level 1 of the Dungeon)
 l - a staff of poison {forbidden!astaff}
   (You found it on level 3 of the Dungeon)
 z - a staff of conjuration {forbidden!a@e2staff}
   (You found it in a bailey)
Jewellery
 o - a ring of poison resistance
   (You took it off a goblin on level 3 of the Dungeon)
 s - a +6 ring of intelligence
   (You found it on level 3 of the Dungeon)
 u - an amulet of reflection (around neck)
   (You found it in a sewer)
 w - a +4 ring of protection (left hand)
   (You found it on level 4 of the Dungeon)
 J - a +6 ring of strength
   (You took it off a kobold on level 8 of the Dungeon)
 X - a ring of wizardry
   (You found it on level 11 of the Dungeon)
Wands
 t - a wand of flame (46)
   (You found it on level 4 of the Dungeon)
 G - a wand of iceblast (1)
   (You found it on level 9 of the Dungeon)
Scrolls
 q - 7 scrolls of teleportation {@r4}
 r - 2 scrolls of vulnerability {!r!r}
 v - a scroll of identify {@r1}
 y - 6 scrolls of enchant armour
 E - a scroll of silence {!r}
 H - 4 scrolls of blinking {!r}
 I - 2 scrolls of enchant weapon
 N - 4 scrolls of magic mapping {!r}
 R - a scroll of immolation {!r!r}
 U - a scroll of torment {!r}
 V - a scroll of holy word {!r}
Potions
 a - a potion of heal wounds {@q2}
 b - a potion of cancellation
 h - 5 potions of brilliance
 j - a potion of might
 k - 5 potions of attraction {!q}
 m - a potion of magic
 p - a potion of curing {@q1}
 x - 3 potions of flight
 M - 3 potions of berserk rage {!q}
 O - a potion of resistance
 Y - a potion of haste {@q3}

Dungeon Overview and Level Annotations

Branches:
Dungeon (14/15)            Temple (0/1) D:4            Lair (0/6) D:10
    Orc (0/2) D:12         Vaults (0/5) D:14          Sewer (visited)
 Bailey (visited)

Altars:
Makhleb
Nemelex Xobeh
Okawaru
Qazlal
Sif Muna
Trog
Wu Jian
Xom
Yredelemnul

Shops:
D:6 *(   D:8 *?   D:9 =   D:13 =

Annotations:
D:11 2 transporters, sammy202020's ghost, journeyman GrBe
D:13 drugrobin's ghost, journeyman DgFi

#.# #.# #..## ##...##
#.# #.# ##.## ##'##
###.# #.# #..## ....
[<#.# #.# #...## #...#.
#)#.# #.# #....#......
....# #.# #....'...∩...
#.### #.# ####....#....
#.# #.#####..D...## .
#.# #.##....@#..## #.#
#.##.......## ..#
#.##.#>....## .####
##.##.#†.....##
....####.#.#.........#
.##.....###..#..##.....
......##.#.###..#####.##
#####.###.####..# .#
#...........# #


You could see an eight-headed hydra.


Message History

😕 HP[+1]
You hit the manticore.
You tail-slap the manticore, but do no damage.
The manticore is struck by your spines. The manticore misses you.
The manticore claws you but does no damage.
You block the manticore's attack.
You hit the manticore but do no damage. You tail-slap the manticore.
The manticore bites you. You block the manticore's attack.
The manticore claws you but does no damage. 😕 HP[-3]
You take 3 damage, and now have 80/104 hp.
You hit the manticore. The manticore bites you.
The manticore barely misses you. The manticore claws you. 😮 HP[-9]
You take 9 damage, and now have 71/104 hp.
You hit the manticore but do no damage. The manticore is struck by your spines.
The manticore bites you! The manticore misses you.
The manticore closely misses you. 😮 HP[-12]
You take 12 damage, and now have 59/104 hp.
You hit the manticore. You tail-slap the manticore.
The manticore bites you but does no damage.
The manticore completely misses you.
The manticore claws you but does no damage.
You hit the manticore. You completely miss the manticore.
The manticore misses you. The manticore barely misses you.
The manticore claws you but does no damage.
You hit the manticore but do no damage.
Lightning courses through the manticore!
The manticore bites you but does no damage.
The manticore misses you. You block the manticore's attack.
You hit the manticore.
Lightning courses through the manticore!
You tail-slap the manticore.
You kill the manticore!
Trog accepts your kill. 😮 HP[+1]
You see here a manticore corpse.
You feel yourself speed up.
An eight-headed hydra comes into view. 😮 HP[+7]
You regained 7 hp, and now have 67/104 hp.
An eight-headed hydra is nearby!
An eight-headed hydra is nearby!
The eight-headed hydra roars! 😮 HP[+1]
You recover from your berserk rage.
You hit the eight-headed hydra but do no damage.
You tail-slap the eight-headed hydra. You hit the eight-headed hydra.
You punch the eight-headed hydra.
The eight-headed hydra bites you but does no damage.
The eight-headed hydra bites you! x2
* * * LOW HITPOINT WARNING * * *
The eight-headed hydra barely misses you.
The eight-headed hydra bites you.
* * * LOW HITPOINT WARNING * * *
The eight-headed hydra closely misses you.
The eight-headed hydra barely misses you.
You block the eight-headed hydra's attack. 😨 HP[-23]
You take 23 damage, and now have 45/104 hp.
MASSIVE DAMAGE!! (PAUSE)
You barely miss the eight-headed hydra.
The eight-headed hydra is struck by your spines.
The eight-headed hydra bites you!
* * * LOW HITPOINT WARNING * * *
The eight-headed hydra completely misses you.
You block the eight-headed hydra's attack.
The eight-headed hydra barely misses you.
You block the eight-headed hydra's attack.
The eight-headed hydra bites you but does no damage. x2
You block the eight-headed hydra's attack. 😨 HP[-9]
You take 9 damage, and now have 36/104 hp.
The eight-headed hydra attacks as you move away!
The eight-headed hydra bites you but does no damage.
The eight-headed hydra bites you!
* * * LOW HITPOINT WARNING * * *
The eight-headed hydra misses you.
The eight-headed hydra bites you but does no damage.
The eight-headed hydra completely misses you.
The eight-headed hydra bites you.
* * * LOW HITPOINT WARNING * * *
You block the eight-headed hydra's attack.
The eight-headed hydra bites you but does no damage.
You see here a manticore corpse. 😱 HP[-16]
You take 16 damage, and now have 20/104 hp.
Your skin crawls.
You feel strong-willed. The eight-headed hydra bites you!
* * * LOW HITPOINT WARNING * * *
The eight-headed hydra bites you.
* * * LOW HITPOINT WARNING * * *
The eight-headed hydra bites you but does no damage.
The eight-headed hydra closely misses you.
The eight-headed hydra bites you but does no damage.
The eight-headed hydra bites you!
You die...

Skill      XL: |  1  2  3  4  5  6  7  8  9 10 11 12 13 |
---------------+----------------------------------------+-----
Long Blades    | 3 4 5 7 8 9 10 13 14 | 14.0
Throwing       | 1 2 3 4 5 |  5.0
Fighting       | 7 9 10 | 10.3
Armour         | 6 8 9 12 | 12.3
Dodging        | 6 8 9 |  9.3

Action                   |  1- 3 |  4- 6 |  7- 9 | 10-12 | 13-15 || total
-------------------------+-------+-------+-------+-------+-------++-------
Melee: Falchion          |   127 |    18 |       |       |       ||   145
       Punch             |     1 |     2 |     2 |    12 |     4 ||    21
       Dagger            |       |   165 |   218 |   738 |   351 ||  1472
       Tailslap          |       |    18 |    43 |   172 |    74 ||   307
Throw: Stone             |    30 |    23 |     2 |    98 |       ||   153
       Boomerang         |       |       |       |    77 |    26 ||   103
       Dart              |       |       |       |     5 |       ||     5
       Throwing net      |       |       |       |     1 |       ||     1
Invok: Berserk           |     4 |     5 |     4 |    23 |    10 ||    46
       Trog's Hand       |       |       |       |     2 |     3 ||     5
       Brothers in Arms  |       |       |       |       |     1 ||     1
Evoke: Wand              |       |       |       |       |     2 ||     2
  Use: Scroll            |     5 |     3 |     4 |     9 |     3 ||    24
       Potion            |     1 |       |     2 |    10 |     1 ||    14
 Stab: Sleeping          |     1 |     2 |     1 |     1 |       ||     5
       Held in net/web   |       |       |       |     1 |       ||     1
       Invisible         |       |       |       |       |     2 ||     2
       Distracted        |       |       |       |       |     1 ||     1
Armor: Animal skin       |    43 |    31 |       |       |       ||    74
       Troll leather arm |       |     6 |    50 |   162 |       ||   218
       Skin              |       |       |       |     9 |       ||     9
       Ring mail         |       |       |       |       |   137 ||   137
       Plate armour      |       |       |       |       |    19 ||    19
Dodge: Dodged            |   101 |    77 |    76 |   432 |   199 ||   885
Block: Other             |       |     8 |    29 |   134 |    61 ||   232
       Reflection        |       |       |     1 |    11 |     8 ||    20

Levels and vault maps discovered:
D:1:      matt_arrival_spirals, layout_basic
D:2:      layout_rooms, kennysheep_big_empty_room,
          minmay_fractal_squares_gapless_5
D:3:      layout_rooms, mainiacjoe_overflow_surrounded_room,
          nemelex_diamond_rough_becter, hellmonk_ecumenical_altar_inner_sanctum,
          minivault_5, minivault_26, minivault_24, uniq_crazy_yiuf_cottage,
          uniq_jessica
D:4:      layout_loops_ring, minmay_temple_entry_proselytizer,
          cheibrodos_sewer_entry_drain, nicolae_concentric_dashed_squares_mild
D:5:      layout_basic, nicolae_overflow_crystal_walls, grunt_decor_cap
D:6:      layout_cave_pools, xom_teletrap_fun, serial_gnoll_camp,
          gnoll_camp_mini_hut, gnoll_camp_mini_shop, gnoll_camp_mini_hut,
          gnoll_camp_mini_doghouse, gnoll_camp_mini_shop,
          gnoll_camp_mini_loothouse
D:7:      layout_loops_ring, nicolae_overflow_squiral, enter_bailey_2
D:8:      layout_loops_corners, serial_shops, shop_coins, shop
D:9:      layout_rooms, serial_shops, nicolae_stop_n_shop_1, serial_undead,
          serial_undead_b, serial_undead_e, serial_undead_e, serial_undead_e
D:10:     layout_roguey, mainiacjoe_overflow_alcove_1, erik_lair_dragon,
          kennysheep_cluttered_room, uniq_maurice, uniq_lodul
D:11:     layout_roguey, gammafunk_ghost_berserking_beasts,
          minmay_misc_feat_hallway
D:12:     minmay_inner_zag, layout_irregular_city
D:13:     layout_basic, serial_shops, nicolae_shop_crystal,
          gammafunk_ghost_fury_of_okawaru, nicolae_wu_jian_glorious_leap
D:14:     layout_loops_ring, lightli_vaults_fourway_checkpoint,
          nicolae_hepliaklqana_hippocampus, uniq_snorg

Notes
Turn   | Place    | Note
-------+----------+-------------------------------------------
     0 | D:1      | spaghetti the Demonspawn Berserker began the quest for the
                  | Orb.
     0 | D:1      | Reached XP level 1. HP: 18/18 MP: 1/1
     0 | D:1      | magus.rc [v1.9.6]
     5 | D:1      | You pick up a book of Changes {forbidden} and begin
                  | reading...
     5 | D:1      | You add the spells Beastly Appendage, Wereblood and Spider
                  | Form to your library.
   125 | D:1      | Reached skill level 3 in Long Blades
   285 | D:1      | Gained mutation: Spells you cast may paralyse adjacent
                  | enemies. [demonic ancestry]
   285 | D:1      | Reached XP level 2. HP: 20/24 MP: 2/2
  1048 | D:2      | Reached XP level 3. HP: 29/29 MP: 3/3
  1053 | D:2      | Identified the +0 pair of boots of Osat {Harm Regen+ Dex-3
                  | Stlth+}
  1491 | D:2      | Gained mutation: Potions are less effective at restoring
                  | your health. [potion of mutation]
  1543 | D:2      | Reached skill level 4 in Long Blades
  1566 | D:2      | Reached ** piety under Trog
  1606 | D:2      | Reached skill level 1 in Throwing
  2137 | D:3      | Found a burning altar of Makhleb.
  2139 | D:3      | Gained mutation: Spells you cast may paralyse nearby
                  | enemies. [demonic ancestry]
  2139 | D:3      | Reached XP level 4. HP: 35/35 MP: 4/4
  2362 | D:3      | Found a sparkling altar of Nemelex Xobeh.
  2435 | D:3      | Noticed Jessica
  2441 | D:3      | Killed Jessica
  2896 | D:3      | Found a faded altar of an unknown god.
  2965 | D:3      | Reached skill level 2 in Throwing
  3019 | D:3      | Found a runed translucent door.
  3020 | D:3      | Noticed Crazy Yiuf
  3142 | D:3      | Killed Crazy Yiuf
  3143 | D:3      | Gained mutation: You have a small tail. [demonic ancestry]
  3143 | D:3      | Reached XP level 5. HP: 41/41 MP: 5/5
  3964 | D:4      | Reached skill level 5 in Long Blades
  3964 | D:4      | Reached skill level 3 in Throwing
  3964 | D:4      | Reached XP level 6. HP: 47/47 MP: 6/6
  4010 | D:4      | Found a glowing drain.
  4020 | Sewer    | Entered a sewer
  4110 | Sewer    | Noticed Pargi
  4117 | Sewer    | Killed Pargi
  4235 | D:4      | Reached skill level 4 in Throwing
  4235 | D:4      | Reached XP level 7. HP: 52/52 MP: 7/7
  4350 | D:4      | Reached skill level 6 in Long Blades
  4384 | D:4      | Found a staircase to the Ecumenical Temple.
  4596 | D:5      | Entered Level 5 of the Dungeon
  4739 | D:5      | Reached skill level 5 in Throwing
  4822 | D:5      | Reached skill level 7 in Long Blades
  4828 | D:5      | Reached XP level 8. HP: 58/58 MP: 8/8
  5044 | D:5      | Reached skill level 8 in Long Blades
  5051 | D:5      | Identified 2 potions of experience
  5053 | D:5      | Reached skill level 7 in Fighting
  5053 | D:5      | Reached skill level 6 in Armour
  5053 | D:5      | Reached skill level 6 in Dodging
  5053 | D:5      | Reached XP level 9. HP: 72/72 MP: 9/9
  5054 | D:5      | Reached skill level 9 in Fighting
  5054 | D:5      | Reached skill level 8 in Armour
  5054 | D:5      | Reached skill level 8 in Dodging
  5054 | D:5      | Reached XP level 10. HP: 83/83 MP: 10/10
  5080 | D:5      | HP: 17/83 [acid (5)]
  5164 | D:5      | Found a bloodstained altar of Trog.
  5817 | D:6      | You pick up a book of Debilitation {forbidden} and begin
                  | reading...
  5817 | D:6      | You add the spells Slow, Vampiric Draining and Confusing
                  | Touch to your library.
  5909 | D:6      | Found Raic's Antique Weapon Emporium.
  5957 | D:6      | Found a shimmering altar of Xom.
  6177 | D:6      | Reached *** piety under Trog
  6264 | D:6      | Identified the +5 whip of Paper {antimagic, Fragile rN+
                  | Int+3}
  6376 | D:6      | Found Qoazaox's Assorted Antiques.
  6389 | D:6      | Bought a scroll labelled PANLIUK VIKHLEA for 22 gold pieces
  6389 | D:6      | Bought a scroll labelled ICROSS USYHE for 22 gold pieces
  6708 | D:7      | Noticed a manticore
  6732 | D:7      | Killed a manticore
  6733 | D:7      | Reached skill level 9 in Long Blades
  7189 | D:7      | Found a flagged portal.
  7199 | Bailey   | Entered a bailey
  7230 | Bailey   | Noticed an orc warlord
  7361 | Bailey   | Found a runed translucent gate.
  7368 | Bailey   | Found a runed translucent gate.
  7369 | Bailey   | Found a runed translucent gate.
  7583 | Bailey   | Killed an orc warlord
  7584 | Bailey   | Gained mutation: You are partially covered in sharp spines.
                  | [demonic ancestry]
  7584 | Bailey   | Reached XP level 11. HP: 89/89 MP: 11/11
  7589 | Bailey   | Reached skill level 10 in Long Blades
  7644 | Bailey   | Reached skill level 10 in Fighting
  7644 | Bailey   | Reached skill level 9 in Armour
  7644 | Bailey   | Reached skill level 9 in Dodging
  7644 | Bailey   | Reached XP level 12. HP: 98/98 MP: 12/12
  7715 | D:7      | Found a shimmering blue altar of Sif Muna.
  7716 | D:7      | Found a basalt altar of Yredelemnul.
  8446 | D:8      | Found Keuwnal's Assorted Antiques.
  8511 | D:8      | Reached **** piety under Trog
  8599 | D:8      | Found Juemymatz's Magic Scroll Shoppe.
  9058 | D:9      | Reached skill level 11 in Long Blades
  9109 | D:9      | You add the spells Shock, Mephitic Cloud, Stone Arrow and
                  | Irradiate to your library.
  9109 | D:9      | Got the Almanac of Conjuration {forbidden@e2}
  9237 | D:9      | Found Esearel's Jewellery Shoppe.
  9464 | D:10     | Entered Level 10 of the Dungeon
  9472 | D:10     | Noticed Maurice
  9473 | D:10     | Noticed Lodul
  9473 | D:10     | Noticed a two-headed ogre
  9473 | D:10     | Noticed a two-headed ogre
  9473 | D:10     | Noticed a two-headed ogre
  9482 | D:10     | Noticed a two-headed ogre
  9484 | D:10     | Killed Maurice
  9484 | D:10     | Noticed a two-headed ogre
  9508 | D:9      | Killed Lodul
  9536 | D:9      | Killed a two-headed ogre
  9586 | D:9      | Killed a two-headed ogre
  9590 | D:9      | Killed a two-headed ogre
  9634 | D:9      | Killed a two-headed ogre
  9635 | D:9      | Reached skill level 12 in Long Blades
  9776 | D:9      | HP: 16/98 [yak (13)]
  9781 | D:9      | HP: 8/147 [yak (12)]
 10009 | D:10     | Found a stormy altar of Qazlal.
 10080 | D:10     | Noticed a two-headed ogre
 10091 | D:10     | Killed a two-headed ogre
 10246 | D:10     | Killed a two-headed ogre
 10732 | D:10     | Found a staircase to the Lair.
 10783 | D:10     | Reached skill level 13 in Long Blades
 11041 | D:11     | Noticed a boulder beetle
 11057 | D:11     | Killed a boulder beetle
 11156 | D:11     | Noticed a four-headed hydra
 11163 | D:11     | Killed a four-headed hydra
 11164 | D:11     | Gained mutation: You have a somewhat thin skeletal
                  | structure. (Dex +2, Stealth+) [demonic ancestry]
 11164 | D:11     | Reached XP level 13. HP: 104/104 MP: 13/13
 11325 | D:8      | Bought a jewelled plate armour for 868 gold pieces
 11325 | D:8      | Identified the +0 plate armour of the Dungeon {Dex+2} (You
                  | bought it in a shop on level 8 of the Dungeon)
 11651 | D:11     | Identified the +1 ring mail of Tartarus {rCorr Str+8
                  | Stlth-}
 11779 | D:11     | Found a transporter.
 11784 | D:11     | Noticed sammy202020's ghost (journeyman GrBe)
 11817 | D:11     | Found a transporter.
 11844 | D:11     | HP: 35/156 [five-headed hydra (10)]
 13446 | D:12     | Reached skill level 10 in Armour
 13872 | D:12     | Found a staircase to the Orcish Mines.
 14245 | D:13     | Reached skill level 14 in Long Blades
 14256 | D:13     | Found an ornate altar of the Wu Jian Council.
 14267 | D:13     | HP: 26/156 [efreet/+3 scimitar of flaming (17)]
 14956 | D:13     | You pick up a book of Armaments {forbidden} and begin
                  | reading...
 14956 | D:13     | You add the spells Animate Armour and Lehudib's Crystal
                  | Spear to your library.
 14983 | D:13     | Found Inod Egh's Jewellery Emporium.
 15032 | D:13     | Found a runed translucent gate.
 15033 | D:13     | Found a runed translucent gate.
 15033 | D:13     | Found a runed translucent gate.
 15034 | D:13     | Noticed a merfolk impaler
 15034 | D:13     | Noticed drugrobin's ghost (journeyman DgFi)
 15035 | D:13     | Noticed a merfolk impaler
 15081 | D:13     | You fall into a shaft and drop 1 floor!
 15311 | D:14     | Reached skill level 11 in Armour
 15348 | D:14     | HP: 14/104 [cyclops (25)]
 15359 | D:14     | Found a gate to the Vaults.
 15721 | D:13     | You pick up a book of the Sky {forbidden} and begin
                  | reading...
 15721 | D:13     | You add the spells Summon Lightning Spire, Storm Form and
                  | Maxwell's Capacitive Coupling to your library.
 15919 | D:13     | Found an iron altar of Okawaru.
 15947 | D:14     | HP: 38/156 [tengu warrior/+0 battleaxe of flaming (6)]
 15947 | D:14     | HP: 17/156 [merfolk impaler/+1 demon trident of freezing
                  | (21)]
 15952 | D:14     | Killed a merfolk impaler
 15955 | D:14     | HP: 9/156 [tengu warrior/+0 battleaxe of flaming (4)]
 15958 | D:14     | Reached skill level 12 in Armour
 16388 | D:14     | Noticed Snorg
 16409 | D:14     | Killed Snorg
 16610 | D:14     | HP: 25/104 [eight-headed hydra (11)]
 16611 | D:14     | HP: 9/104 [eight-headed hydra (6)]
 16611 | D:14     | Slain by an eight-headed hydra

Vanquished Creatures
  An orc warlord (Bailey)
  Snorg (D:14)
  A merfolk impaler (D:14)
  3 hydras
  A boulder beetle (D:11)
  A vault guard (D:14)
  3 tengu warriors (D:14)
  8 two-headed ogres
  Lodul (D:9)
  A deep elf pyromancer (D:14)
  4 cyclopes
  5 manticores
  Maurice (D:10)
  An ugly thing (D:12)
  An unseen horror (D:11)
  A kobold demonologist (D:12)
  2 komodo dragons (D:10)
  A freezing wraith (D:14)
  An efreet (D:13)
  4 trolls
  A tarantella (shapeshifter) (D:13)
  A centaur simulacrum (D:12)
  A shadow (D:12)
  A vampire (D:12)
  A wraith (D:13)
  6 basilisks
  15 yaks
  3 vampire mosquitoes
  A steam dragon (D:9)
  A water moccasin (D:7)
  4 acid dragons
  Pargi (Sewer)
  An ice beast (D:6)
  5 orc warriors
  5 sky beasts
  2 black bears
  7 ogres
  2 boggarts (D:14)
  A phantom (D:5)
  11 centaurs
  3 bullfrogs
  3 necrophages
  3 scorpions
  2 kobold brigands (D:8)
  2 killer bees (D:9)
  2 howler monkeys
  2 jellies
  6 hounds
  Crazy Yiuf (D:3)
  5 gnoll shamans
  6 orc priests
  Jessica (D:3)
  2 iguanas (D:5)
  4 orc wizards
  A howler monkey zombie (D:9)
  8 adders
  31 gnolls
  2 white imps
  A worm (D:3)
  A dart slug (D:3)
  19 orcs
  4 endoplasms
  7 giant cockroaches
  8 goblins
  8 hobgoblins
  7 jackals
  32 kobolds
  8 quokkas
  5 ball pythons
  7 bats
  4 frilled lizards
  3 rats
310 creatures vanquished.

Vanquished Creatures (collateral kills)
  A vault guard (D:14)
  A centaur warrior (D:14)
  An orc knight (D:14)
  A tengu conjurer (D:14)
  A boggart (D:14)
  2 centaurs (D:14)
7 creatures vanquished.

Vanquished Creatures (others)
  A centaur warrior (D:12)
  An efreet (D:14)
  A killer bee (D:9)
3 creatures vanquished.

Grand Total: 320 creatures vanquished

Table legend:
 A = Non-vault XP
 B = Vault XP
 C = Vault XP percentage of total XP
 D = Non-vault monster count
 E = Vault monster count
 F = Vault count percentage of total count
                 A         B        C        D         E       F
            +---------+---------+-------+---------+---------+-------
      Total |   26580 |   18389 |  40.9 |     237 |      83 |  25.9
            +---------+---------+-------+---------+---------+-------
        D:1 |      22 |       0 |   0.0 |      14 |       0 |   0.0
        D:2 |      51 |       1 |   1.9 |      15 |       1 |   6.2
        D:3 |      86 |      78 |  47.6 |      25 |       2 |   7.4
        D:4 |     487 |      44 |   8.3 |      16 |       3 |  15.8
        D:5 |     984 |       0 |   0.0 |      20 |       0 |   0.0
        D:6 |     869 |     309 |  26.2 |      11 |      16 |  59.3
        D:7 |    1632 |       0 |   0.0 |      28 |       0 |   0.0
        D:8 |    2018 |       0 |   0.0 |      34 |       0 |   0.0
        D:9 |    2154 |    4397 |  67.1 |      19 |       9 |  32.1
       D:10 |    1613 |    2947 |  64.6 |      11 |       9 |  45.0
       D:11 |    5628 |       0 |   0.0 |      10 |       0 |   0.0
       D:12 |    4013 |    1663 |  29.3 |      16 |       4 |  20.0
       D:13 |    2134 |       0 |   0.0 |       6 |       0 |   0.0
       D:14 |    4889 |    7187 |  59.5 |      12 |      11 |  47.8
      Sewer |       0 |     147 | 100.0 |       0 |       6 | 100.0
     Bailey |       0 |    1616 | 100.0 |       0 |      22 | 100.0
            +---------+---------+-------+---------+---------+-------

Illustrated notes

Table legend:
 A = Kills in this place as a percentage of kills in entire the game.
 B = Kills by you in this place as a percentage of kills by you in the entire game.
 C = Kills by friends in this place as a percentage of kills by friends in the entire game.
 D = Other kills in this place as a percentage of other kills in the entire game.
 E = Experience gained in this place as a percentage of experience gained in the entire game.
 F = Experience gained in this place divided by the number of levels of this place that you have seen.
                   A       B       C       D       E      F
               +-------+-------+-------+-------+-------+----------------------
         Total | 100.0 | 100.0 | 100.0 | 100.0 | 100.0 | 2810.6
       Dungeon |  91.2 |  91.0 | 100.0 | 100.0 |  96.1 | 3086.1
         Sewer |   1.9 |   1.9 |   0.0 |   0.0 |   0.3 | 147.0
        Bailey |   6.9 |   7.1 |   0.0 |   0.0 |   3.6 | 1616.0
               +-------+-------+-------+-------+-------+----------------------

Table legend: (Time is in decaauts)
 A = Elapsed time spent in this place.
 B = Non-inter-level travel time spent in this place.
 C = Inter-level travel time spent in this place.
 D = Time resting spent in this place.
 E = Time spent auto-exploring this place.
 F = Levels seen in this place.
 G = Mean time per level.
                   A        B        C        D        E       F      G
               +--------+--------+--------+--------+--------+-----+--------+
         Total |  16475 |  15657 |    818 |   4083 |   8783 |  16 | 1029.7 |
       Dungeon |  15836 |  15018 |    818 |   4019 |   8473 |  14 | 1131.1 |
         Sewer |    165 |    165 |      0 |     16 |     70 |   1 |  165.0 |
        Bailey |    473 |    473 |      0 |     47 |    239 |   1 |  473.0 |
               +--------+--------+--------+--------+--------+-----+--------+

Top non-repeatable levels by time:
    D:12: 1673 daAuts
     D:3: 1529 daAuts
    D:13: 1411 daAuts
    D:10: 1320 daAuts
    D:11: 1142 daAuts
     D:2: 1125 daAuts
     D:5: 1120 daAuts
     D:9: 1071 daAuts
     D:8: 1000 daAuts
    D:14: 979 daAuts
     D:4: 963 daAuts
     D:1: 861 daAuts
     D:7: 836 daAuts
     D:6: 800 daAuts
  Bailey: 473 daAuts
